 Dungeon Crawl Stone Soup version 0.22-a0-283-g1871b15 (webtiles) character file.

10 MrOwlBear the Digger (level 2, 0/15 HPs)
             Began as a Gargoyle Earth Elementalist on Mar 18, 2018.
             Slain by a jackal (2 damage)
             ... on level 1 of the Dungeon.
             The game lasted 00:03:44 (450 turns).

MrOwlBear the Digger (Gargoyle Earth Elementalist)   Turns: 450, Time: 00:03:44

Health: 0/15       AC:  4    Str: 13 (15) XL:     2   Next: 20%
Magic:  1/5        EV: 12    Int: 13 (15) God:
Gold:   16         SH:  0    Dex:  9 (10) Spells: 4/5 levels left

rFire    . . .     SeeInvis .   f - +0 short sword
rCold    . . .     Gourm    .   (no shield)
rNeg     + . .     Faith    .   c - +0 robe
rPois    ∞         Spirit   .   (no helmet)
rElec    +         Reflect  .   (no cloak)
rCorr    .         Harm     .   (no gloves)
MR       .....                  (no boots)
Stlth    ++........             (no amulet)
HPRegen  0.05/turn              e - +4 ring of strength
MPRegen  0.09/turn              (no ring)

@: no status effects
A: negative energy resistance 1, electricity resistance, unbreathing,
petrification resistance, rot immunity, AC +2
a: no special abilities


You were on level 1 of the Dungeon.
You were not hungry.

You visited 1 branch of the dungeon, and saw 1 of its levels.

You collected 16 gold pieces.

Inventory:

Hand Weapons
 f - a +0 short sword (weapon)
 g - a +0 club
Missiles
 b - 77 stones (quivered)
Armour
 c - a +0 robe (worn)
Jewellery
 e - a +4 ring of strength (left hand)
Comestibles
 d - a ration


   Skills:
 - Level 1.5 Dodging
 - Level 2.1 Stealth
 + Level 2.3 Spellcasting
   Level 0.7 Transmutations
 + Level 4.0 Earth Magic


You had 4 spell levels left.
You knew the following spells:

 Your Spells              Type           Power        Failure   Level  Hunger
a - Sandblast             Erth           ##....       4%          1    #......


Dungeon Overview and Level Annotations

Branches:
Dungeon (1/15)

Altars:


Innate Abilities, Weirdness & Mutations

You are resistant to torment.
Your stone body is resilient. (AC +2)
You are immune to poison.
You resist negative energy. (rN+)
You are resistant to electric shocks. (rElec)
You can survive without breathing.
You are immune to petrification.
You are immune to rotting.


Message History

* * * LOW HITPOINT WARNING * * *
The jackal bites you.
* * * LOW HITPOINT WARNING * * *
You see here a jackal corpse.
Casting: Sandblast (safe; 4% risk of failure)
Confirm with . or Enter, or press ? or * to list all spells.
Aiming: Sandblast (safe; 4% risk of failure)
Press: ? - help, Shift-Dir - straight line, f - jackal
Aim: a jackal The blast of sand hits the jackal.
You kill the jackal!
b - 77 stones The jackal misses you.
The jackal bites you.
* * * LOW HITPOINT WARNING * * *
The jackal bites you but does no damage.
It was a potion of degeneration.
There was something very wrong with that liquid.
You feel weakened.
You feel dopey.
You feel clumsy. The jackal bites you.
You die...

#......#.....###.....
##......#§#...........
........#............ #
.................... ##.
#..........# ..... #
#..##.........†##..###.#
...............†........
..............†......#.
........####†..†@h..$#.#
#......## ##..((h......
≈#.....# #......###.#
#......# #.....#§#
.......## ##......##
........####........##
......................
.....................#.
#..##....÷.....##..###


You could see 2 jackals.

Vanquished Creatures
  2 hobgoblins (D:1)
  2 jackals (D:1)
  2 kobolds (D:1)
  2 bats (D:1)
  2 frilled lizards (D:1)
10 creatures vanquished.

Notes
Turn   | Place    | Note
-------+----------+-------------------------------------------
     0 | D:1      | MrOwlBear the Gargoyle Earth Elementalist began the quest for the Orb.
     0 | D:1      | Reached XP level 1. HP: 10/10 MP: 3/3
   405 | D:1      | Reached XP level 2. HP: 12/15 MP: 0/5
   422 | D:1      | Reached skill level 4 in Earth Magic
   450 | D:1      | Slain by a jackal

Vault maps used:
D:1:      dpeg_arrival_rooms_b, kennysheep_decorative_pillar

Skill      XL: |  1  2 |
---------------+-------+-----
Earth Magic    | 4 |  4.0
Dodging        | |  1.5
Stealth        | |  2.1
Spellcasting   | |  2.3
Transmutations | |  0.7

Action                   || total
-------------------------++-------
Melee: Unarmed           ||    29
       Short sword       ||    13
 Cast: Sandblast         ||    11
  Use: Potion            ||     1
Armor: Robe              ||    49
Dodge: Dodged            ||    57

Table legend:
 A = Spawn XP
 B = Non-spawn XP
 C = Spawn XP percentage of total XP
 D = Spawn monster count
 E = Non-spawn monster count
 F = Spawn count percentage of total count
 G = Total turns spent on level
                    A         B        C        D         E        F      G
               +---------+---------+-------+---------+---------+-------+---------
         Total |       0 |      15 |   0.0 |       0 |      10 |   0.0 |   450
               +---------+---------+-------+---------+---------+-------+---------
           D:1 |       0 |      15 |   0.0 |       0 |      10 |   0.0 |   450
               +---------+---------+-------+---------+---------+-------+---------
